 Dungeon Crawl Stone Soup version 0.25-a0-696-g42a9e46 (webtiles) character file.

Game seed: 6874891171817154865, levelgen mode: deterministic

6108 Faels the Slicer (level 11, -11/69 HPs)
             Began as a Kobold Assassin on Mar 31, 2020.
             Was an Elder of Okawaru.
             Mangled by Snorg (17 damage)
             ... on level 10 of the Dungeon.
             The game lasted 00:38:05 (14001 turns).

Faels the Slicer (Kobold Assassin)                 Turns: 14001, Time: 00:38:05

Health: -11/69     AC: 11    Str: 12    XL:     11   Next: 12%
Magic:  14/14      EV: 16    Int: 13    God:    Okawaru [****..]
Gold:   513        SH: 12    Dex: 16    Spells: 10/10 levels left

rFire    + . .     SeeInvis .   u - +4 dagger (venom)
rCold    . . .     Gourm    .   S - +1 kite shield
rNeg     . . .     Faith    .   y - +3 ring mail {rF+}
rPois    .         Spirit   .   t - +0 helmet
rElec    .         Reflect  +   c - +0 cloak
rCorr    .         Harm     .   m - +0 pair of gloves
MR       .....                  (no boots)
Stlth    +++++.....             V - +2 amulet of reflection
HPRegen  0.21/turn              L - ring of stealth
MPRegen  0.14/turn              P - ring of flight

@: no status effects
A: small, carnivore
a: Heroism, Renounce Religion, Evoke Flight


You were on level 10 of the Dungeon.
You worshipped Okawaru.
Okawaru was greatly pleased with you.
You were completely stuffed.

You visited 2 branches of the dungeon, and saw 11 of its levels.

You collected 513 gold pieces.

Inventory:

Hand Weapons
 a - a +2 dagger
 s - a +2 flail of holy wrath
 u - a +4 dagger of venom (weapon)
 v - a +0 long sword of flaming
 z - a +0 hand axe of draining
 F - a +0 rapier
 G - a +4 mace
 H - a cursed +5 short sword
 O - a +2 falchion of freezing
Missiles
 e - 5 curare-tipped darts
 i - 3 silver boomerangs
 A - 6 atropa-tipped darts (quivered)
 M - 2 poisoned darts
Armour
 c - a +0 cloak (worn)
 m - a +0 pair of gloves (worn)
 t - a +0 helmet (worn)
 x - a +1 leather armour of positive energy
 y - a +3 ring mail of fire resistance (worn)
 C - +0 acid dragon scales
 S - a +1 kite shield (worn)
Jewellery
 o - an uncursed ring of ice
 D - an uncursed amulet of rage
 L - a ring of stealth (left hand)
 P - a ring of flight (right hand)
 V - a +2 amulet of reflection (around neck)
Wands
 g - a wand of paralysis (6)
 w - a wand of scattershot (5)
 I - a wand of polymorph (4)
 N - a wand of enslavement (16)
 Q - a wand of flame (32)
Scrolls
 h - 3 scrolls of immolation
 k - 7 scrolls of remove curse
 q - 2 scrolls of amnesia
 J - a scroll of teleportation
 K - a scroll of fog
 U - a scroll of blinking {unknown}
Potions
 b - 2 potions of stabbing
 j - a potion of ambrosia {unknown}
 l - 2 potions of curing
 n - 5 potions of might
 p - a potion of lignification {unknown}
 r - a potion of resistance {unknown}
 B - a potion of heal wounds
 E - 4 potions of flight
Comestibles
 d - 5 chunks of flesh
 f - 23 rations


   Skills:
 + Level 8.5 Fighting
 - Level 10.0 Short Blades
 - Level 5.1 Throwing
 + Level 9.2 Dodging
 - Level 9.7 Stealth
 + Level 4.0 Shields
 - Level 4.0 Evocations


You had 10 spell levels left.
You didn't know any spells.
Your spell library contained the following spells:

 Spells                   Type           Power        Failure   Level  Hunger
 Corona                   Hex            #......      98%         1    ##.....
 Ensorcelled Hibernation  Hex/Ice        #.....       99%         2    ###....
 Confusing Touch          Hex            #.......     100%        3    ####...
 Dazzling Flash           Conj/Hex       #.....       100%        3    ####...
 Tukima's Dance           Hex            #.......     100%        3    ####...


Dungeon Overview and Level Annotations

Branches:
Dungeon (10/15)            Temple (1/1) D:5             Orc (0/2) D:10
   Lair: D:8-11

Altars:
Cheibriados
Elyvilon
Fedhas
Gozag
Hepliaklqana
Kikubaaqudgha
Makhleb
Nemelex Xobeh
Okawaru
Qazlal
Ru
Sif Muna
Trog
Uskayaw
Vehumet
Zin
The Shining One

Annotations:
D:8 3 runed translucent doors, twitchblade17's ghost, novice TrMo
D:10 Snorg


Innate Abilities, Weirdness & Mutations

You are small and have problems with some larger weapons.
You are carnivorous and can eat meat at any time.


Message History

Snorg bites you! You block Snorg's attack. x2
You block Snorg's attack. Snorg claws you. You block Snorg's attack.
Snorg is no longer blind.
You hit Snorg.
Snorg is almost dead.
You block Snorg's attack. Snorg closely misses you. x2
You closely miss Snorg.
Snorg is almost dead.
You block Snorg's attack. Snorg claws you but does no damage.
You block Snorg's attack.
You hit Snorg.
Snorg looks as sick as possible!
Snorg is almost dead.
Snorg bites you!
* * * LOW HITPOINT WARNING * * *
You block Snorg's attack. Snorg claws you!
* * * LOW HITPOINT WARNING * * *
You closely miss Snorg.
Snorg is almost dead.
Snorg closely misses you. You block Snorg's attack. Snorg claws you!
You die...

.......>.....##.
................
#................
#.......(........
#.......(..$..... .
...##..(........ ..
#...##.........
...##......T#..#...
......#....@#.....#
......#...........#
.....#............#
...................
...................
...................
#.)..#.##..........
..##### ###........
# ..#######..#.....


You could see Snorg (berserk).

Vanquished Creatures
  Maggie (D:6)
  A troll (D:8)
  A hippogriff (D:9)
  Eustachio (D:6)
  6 yaks
  A human (D:9)
  4 hogs
  2 hungry ghosts
  Edmund (D:4)
  A water moccasin (D:9)
  3 orc warriors
  A sky beast (D:9)
  A black bear (D:7)
  2 ogres
  The ghost of Remcycle the Twirler, an amateur DsWn (D:3)
  6 centaurs
  4 bullfrogs
  A wyvern skeleton (D:8)
  3 water moccasin skeletons
  A killer bee (D:8)
  3 wights (D:6)
  An electric eel (D:8)
  3 crimson imps
  5 hounds
  2 jellies (D:5)
  8 orc priests
  2 centaur zombies
  10 orc wizards
  Crazy Yiuf (D:7)
  An iguana (D:4)
  Ijyb (D:4)
  4 worker ants
  A worker ant zombie (D:7)
  Robin (D:3)
  A howler monkey zombie (D:7)
  13 adders
  2 shadow imps
  2 oozes
  An adder skeleton (D:6)
  7 worms
  5 dart slugs
  11 leopard geckos
  36 orcs
  6 giant cockroaches
  16 goblins
  14 hobgoblins
  6 jackals
  2 quokkas
  4 ball pythons
  8 bats
  5 frilled lizards
  A giant cockroach zombie (D:5)
  A jackal skeleton (D:8)
  A jackal zombie (D:5)
  7 kobolds
  A leopard gecko zombie (D:8)
  2 quokka skeletons
  9 rats
246 creatures vanquished.

Notes
Turn   | Place    | Note
-------+----------+-------------------------------------------
     0 | D:1      | Faels the Kobold Assassin began the quest for the Orb.
     0 | D:1      | Reached XP level 1. HP: 12/12 MP: 1/1
   245 | D:1      | Reached XP level 2. HP: 18/18 MP: 2/2
   352 | D:1      | Reached skill level 3 in Short Blades
   548 | D:1      | Reached XP level 3. HP: 11/22 MP: 3/3
  1958 | D:2      | Reached XP level 4. HP: 20/27 MP: 4/4
  2304 | D:2      | Found a hide-covered altar of Uskayaw,
  2304 | D:2      | Found an opulent altar of Gozag,
  2304 | D:2      | Found a white marble altar of Elyvilon,
  2304 | D:2      | Found a stormy altar of Qazlal,
  2311 | D:2      | Found a burning altar of Makhleb,
  2315 | D:2      | Found a sacrificial altar of Ru,
  2701 | D:3      | Noticed Robin
  2737 | D:3      | Killed Robin
  2965 | D:3      | Reached XP level 5. HP: 32/32 MP: 5/5
  3085 | D:3      | Found a runed translucent door,
  3086 | D:3      | Noticed Remcycle's ghost (amateur DsWn)
  3168 | D:4      | Found an ancient bone altar of Kikubaaqudgha,
  3181 | D:4      | Noticed Ijyb
  3188 | D:4      | Killed Ijyb
  3188 | D:4      | Reached skill level 4 in Short Blades
  3261 | D:4      | Reached XP level 6. HP: 31/37 MP: 6/6
  3502 | D:4      | Noticed Edmund
  3531 | D:4      | Killed Edmund
  3761 | D:4      | Reached XP level 7. HP: 42/42 MP: 7/7
  4187 | D:5      | Entered Level 5 of the Dungeon
  4527 | D:5      | Reached skill level 5 in Short Blades
  4572 | D:5      | Found a snail-covered altar of Cheibriados,
  4700 | D:5      | Found a glowing golden altar of the Shining One,
  4764 | D:5      | Found a staircase to the Ecumenical Temple,
  4774 | Temple   | Entered the Ecumenical Temple
  4788 | Temple   | Became a worshipper of Warmaster Okawaru
  5431 | D:5      | Reached XP level 8. HP: 43/48 MP: 8/8
  5723 | D:6      | Noticed Maggie
  5745 | D:6      | Killed Maggie
  5745 | D:6      | Reached * piety under Okawaru
  5751 | D:6      | Reached skill level 6 in Short Blades
  5751 | D:6      | Reached skill level 5 in Throwing
  5751 | D:6      | Reached skill level 5 in Dodging
  6007 | D:6      | Reached skill level 5 in Fighting
  6217 | D:6      | Noticed Eustachio
  6259 | D:6      | Killed Eustachio
  6259 | D:6      | Reached skill level 1 in Evocations
  6530 | D:6      | Reached XP level 9. HP: 35/54 MP: 8/10
  6706 | D:6      | Reached ** piety under Okawaru
  7037 | D:3      | Killed Remcycle's ghost
  7037 | D:3      | Reached skill level 7 in Short Blades
  7123 | D:3      | Found a runed translucent door,
  7237 | D:3      | Found a snail-covered altar of Cheibriados,
  7497 | D:3      | You fall into a shaft and drop 2 floors!
  8702 | D:7      | HP: 1/55 [orc priest/divine providence (15)]
  9042 | D:7      | Found a radiant altar of Vehumet,
  9337 | D:7      | Found a runed translucent door,
  9338 | D:7      | Noticed Crazy Yiuf
  9350 | D:7      | Killed Crazy Yiuf
 10056 | D:8      | Found a runed translucent gate,
 10057 | D:8      | Found a runed translucent gate,
 10057 | D:8      | Found a runed translucent gate,
 10058 | D:8      | Found an opulent altar of Gozag,
 10058 | D:8      | Noticed a troll
 10058 | D:8      | Noticed a troll
 10058 | D:8      | Noticed twitchblade17's ghost (novice TrMo)
 10058 | D:8      | Noticed a fire crab
 10174 | D:8      | Noticed a troll
 10263 | D:8      | Reached skill level 8 in Short Blades
 10567 | D:8      | Reached skill level 1 in Shields
 10567 | D:8      | Reached XP level 10. HP: 61/61 MP: 13/13
 10632 | D:8      | Reached *** piety under Okawaru
 10823 | D:8      | Noticed an entropy weaver
 10870 | D:8      | Noticed an alligator
 11141 | D:8      | Noticed an emperor scorpion
 11459 | D:9      | Found a glowing silver altar of Zin,
 11473 | D:9      | Reached skill level 9 in Short Blades
 12070 | D:8      | Noticed an entropy weaver
 12322 | D:8      | Received a gift from Okawaru
 12582 | D:9      | Found a blossoming altar of Fedhas,
 12625 | D:9      | Reached **** piety under Okawaru
 13415 | D:9      | Reached XP level 11. HP: 67/68 MP: 14/14
 13433 | D:8      | Reached skill level 10 in Short Blades
 13495 | D:8      | Noticed a stone giant
 13702 | D:9      | Received a gift from Okawaru
 13961 | D:10     | Entered Level 10 of the Dungeon
 13961 | D:10     | Found a staircase to the Orcish Mines,
 13978 | D:10     | Noticed Snorg
 14001 | D:10     | Mangled by Snorg

Levels and vault maps discovered:
D:1:      nicolae_arrival_washed_ashore, layout_basic
D:2:      layout_basic, minmay_overflow_temple_hex, first_ration
D:3:      minmay_bubble_buster, layout_loops_corners, lemuel_doored_altar,
          ebering_ghost_sewer_f, uniq_robin
D:4:      layout_basic, overflow_temple_1_default, uniq_ijyb, uniq_edmund
D:5:      layout_loops_ring, tso_metal_star,
          minmay_temple_entry_statues_fountains, kennysheep_slug_shrine
D:6:      layout_basic, uniq_maggie, uniq_eustachio
D:7:      layout_loops_ring, vehumet_altar_wand_db, uniq_crazy_yiuf_cottage
D:8:      wad_arrow_thing, layout_cave_pools, ebering_ghost_gozag,
          fungi_pond_lemuel
D:9:      layout_grid_maze, basic_altar, grunt_livestock, fedhas_ov_isle_minmay
D:10:     layout_cave_pools, orc_0_dummy, enter_trove_1, uniq_urug, uniq_snorg
Temple:   dshaligram_water_room_temple

Skill      XL: |  1  2  3  4  5  6  7  8  9 10 11 |
---------------+----------------------------------+-----
Short Blades   | 3 4 5 6 8 9 10 | 10.0
Dodging        | 2 3 4 5 7 8 9 |  9.2
Throwing       | 3 4 5 |  5.1
Stealth        | 6 7 8 9 |  9.7
Fighting       | 3 4 5 6 8 |  8.5
Evocations     | 1 4 |  4.0
Shields        | 1 3 4 |  4.0

Action                   |  1- 3 |  4- 6 |  7- 9 | 10-12 || total
-------------------------+-------+-------+-------+-------++-------
Melee: Dagger            |   139 |   120 |   647 |   315 ||  1221
       Long sword        |       |       |    24 |       ||    24
Throw: Dart              |     2 |    14 |    25 |    15 ||    56
Invok: Heroism           |       |       |     7 |     2 ||     9
 Abil: Evoke Berserk Rag |       |       |     3 |       ||     3
Evoke: Wand              |       |       |     1 |       ||     1
  Use: Scroll            |       |       |    15 |     9 ||    24
       Potion            |       |       |     2 |     1 ||     3
 Stab: Sleeping          |     1 |     9 |    17 |    11 ||    38
       Distracted        |       |     1 |     1 |       ||     2
       Invisible         |       |       |       |     1 ||     1
  Eat: Chunk             |    12 |     5 |    23 |    17 ||    57
Armor: Robe              |    15 |     9 |       |       ||    24
       Leather armour    |       |     9 |     5 |       ||    14
       Ring mail         |       |       |   135 |    52 ||   187
Dodge: Dodged            |    73 |    60 |   322 |    93 ||   548
Block: Kite shield       |       |       |    15 |   107 ||   122
       Reflection        |       |       |       |     2 ||     2
       Rpst.: Long sword |       |       |     9 |       ||     9

Table legend:
 A = Non-vault XP
 B = Vault XP
 C = Vault XP percentage of total XP
 D = Non-vault monster count
 E = Vault monster count
 F = Vault count percentage of total count
                 A         B        C        D         E       F
            +---------+---------+-------+---------+---------+-------
      Total |    5911 |    2815 |  32.3 |     195 |      51 |  20.7
            +---------+---------+-------+---------+---------+-------
        D:1 |      46 |       0 |   0.0 |      23 |       0 |   0.0
        D:2 |      44 |       2 |   4.3 |      15 |       1 |   6.2
        D:3 |     210 |     223 |  51.5 |      36 |      29 |  44.6
        D:4 |     255 |     202 |  44.2 |      17 |       2 |  10.5
        D:5 |     399 |       4 |   1.0 |      20 |       1 |   4.8
        D:6 |     673 |     579 |  46.2 |      14 |       2 |  12.5
        D:7 |    1052 |      39 |   3.6 |      29 |       2 |   6.5
        D:8 |     843 |    1385 |  62.2 |      12 |      12 |  50.0
        D:9 |    2389 |     381 |  13.8 |      29 |       2 |   6.5
            +---------+---------+-------+---------+---------+-------
